 Dungeon Crawl Stone Soup version 0.29-a0-72-g1732ff48e7 (webtiles) character file.

Game seed: 12014205958706225404

2612 fragbeetle the Basher (level 9, -2/92 HPs)
             Began as a Troll Berserker on Feb 3, 2022.
             Was a Priest of Trog.
             Slain by a gnoll sergeant (12 damage)
             ... in a bailey.
             The game lasted 00:12:10 (4664 turns).

fragbeetle the Basher (Troll Berserker)             Turns: 4664, Time: 00:12:11

Health: -2/92      AC:  4    Str: 27    XL:     9   Next: 34%
Magic:  8/8        EV: 10    Int:  5    God:    Trog [***...]
Gold:   413        SH:  0    Dex: 11    Spells: 8/8 levels left

rFire   + . .      SeeInvis .   a - +9 mace of Impermanence {vorpal, rF+}
rCold   . . .      Faith    .   (no shield)
rNeg    . . .      Spirit   .   b - +0 animal skin
rPois   .          Reflect  .   (helmet restricted)
rElec   .          Harm     .   (no cloak)
rCorr   +          Rampage  .   (gloves unavailable)
Will    ++...                   (boots unavailable)
Stlth   +.........              (no amulet)
HPRegen 2.05/turn               p - ring of resist corrosion
MPRegen 0.11/turn               (no ring)

@: strong-willed, regenerating
A: large, unfitting armour, claws 3, regeneration 1, shaggy fur 1, tough skin 1
a: Renounce Religion, Berserk, Trog's Hand


You were in a bailey.
You worshipped Trog.
Trog was most pleased with you.
You visited 2 branches of the dungeon, and saw 8 of its levels.
You also visited: Bailey.

You collected 413 gold pieces.

Inventory:

Hand Weapons
 a - the +9 mace of Impermanence (weapon) {vorpal, rF+}
   (You found it on level 5 of the Dungeon)

   It inflicts extra damage upon your enemies.
   rF:        It protects you from fire.
 w - a +0 flail
 y - a +0 giant spiked club
Missiles
 k - 13 poisoned darts
 q - 12 boomerangs (quivered)
 D - 2 throwing nets
Armour
 b - a +0 animal skin (worn)
Jewellery
 p - a ring of resist corrosion (left claw)
Wands
 r - a wand of charming (7)
 s - a wand of paralysis (15)
 z - a wand of flame (24)
Scrolls
 c - 3 scrolls of noise {unknown}
 d - a scroll of enchant armour {unknown}
 g - 2 scrolls of fog {unknown}
 h - a scroll of blinking {unknown}
 i - 4 scrolls of identify {unknown}
 l - a scroll of brand weapon {unknown}
 m - 2 scrolls of teleportation {unknown}
 t - a scroll of torment {unknown}
 u - a scroll of vulnerability {unknown}
 B - a scroll of immolation {unknown}
 C - a scroll of fear {unknown}
Potions
 e - a potion of heal wounds {unknown}
 f - a potion of invisibility {unknown}
 j - 4 potions of curing
 n - 2 potions of haste {unknown}
 o - 2 potions of magic {unknown}
 v - a potion of flight {unknown}
 x - a potion of might {unknown}
 A - a potion of degeneration {unknown}


   Skills:
 + Level 6.5 Fighting
 * Level 9.9 Maces & Flails
 - Level 3.0 Dodging


You had 8 spell levels left.
You didn't know any spells.
Your spell library was empty.

Dungeon Overview and Level Annotations

Branches:
Dungeon (7/15)             Temple (1/1) D:6          Bailey (1/1)

Altars:
Dithmenos
Gozag
Hepliaklqana
Makhleb
Okawaru
Ru
Trog
Uskayaw
Xom
Zin
The Shining One

Shops:
D:2 (


Innate Abilities, Weirdness & Mutations

You are too large for most types of armour.
You have claws for hands.
Your natural rate of healing is unusually fast.
You are covered in fur. (AC +1)
You have tough skin. (AC +1)


Message History

Your skin crawls.
You feel strong-willed.
You can no longer call in reinforcements.
The gnoll sergeant hits you from afar with a +0 glaive!
Okay, then.
Okay, then.
A gnoll shaman and a gnoll sergeant come into view.
The gnoll shaman shouts!
The gnoll sergeant shouts!
A gnoll shaman comes into view. It is wielding a +0 halberd.
The gnoll sergeant barely misses you.
The wolf howls!
You hit the gnoll sergeant.
The gnoll sergeant is lightly wounded.
The gnoll sergeant hits you with a +0 glaive!
You hit the gnoll sergeant but do no damage.
The gnoll sergeant is lightly wounded.
The gnoll shaman calls upon its god to speed up the gnoll sergeant.
The gnoll sergeant seems to speed up.
You sock the gnoll sergeant!
The gnoll sergeant is severely wounded.
The wolf bites you! The gnoll hits you but does no damage.
The gnoll sergeant hits you with a +0 glaive!!
You completely miss the gnoll sergeant.
The gnoll sergeant is severely wounded.
The wolf completely misses you. The wolf bites you!
* * * LOW HITPOINT WARNING * * *
The gnoll sergeant barely misses you.
You hit the gnoll sergeant but do no damage.
The gnoll sergeant is severely wounded.
The wolf bites you!
* * * LOW HITPOINT WARNING * * *
A gnoll sergeant comes into view. It is wielding a +0 halberd.
The gnoll sergeant hits you with a +0 glaive!
* * * LOW HITPOINT WARNING * * *
The wolf barely misses you. The gnoll sergeant barely misses you.
The wolf bites you but does no damage. The gnoll sergeant closely misses you.
The wolf bites you.
* * * LOW HITPOINT WARNING * * *
The gnoll sergeant hits you with a +0 glaive!
You die...

♣≈ ##...## ≈♣ ♣≈
##.....## ≈♣ ♣≈
#.......# ≈♣ ♣≈#.g
#...8...# ≈♣
♣≈#...#.......# ≈♣
♣≈#...##.....## ≈♣
♣≈#..g.##...## ≈♣
♣≈#8..g.##'## ≈♣
♣≈#....g#h@.# ≈♣
♣≈##...hggh.+ ##≈♣
♣≈.##...#...# ##.≈♣
♣≈..#####...#####..≈♣
♣≈.................≈♣
♣≈≈...............≈≈♣
♣♣≈≈≈≈≈≈≈≈≈≈≈≈≈≈≈≈≈♣♣
♣♣♣♣♣♣♣♣♣♣♣♣♣♣♣♣♣♣♣


You could see 2 gnoll sergeants and 3 wolves.

Vanquished Creatures
  Sigmund (D:5)
  Menkaure (D:5)
  2 water moccasins
  An ice beast (D:6)
  A sky beast (D:4)
  4 ogres
  2 phantoms
  2 bullfrogs (D:7)
  Blork the orc (D:5)
  A gnoll sergeant (Bailey)
  A wyvern zombie (D:5)
  3 scorpions
  A bullfrog zombie (D:6)
  A centaur zombie (D:3)
  4 hounds
  A jelly (D:6)
  A bullfrog skeleton (D:4)
  4 gnoll shamans
  2 iguanas
  8 orc wizards
  A hound zombie (D:5)
  17 gnolls
  7 adders
  A shadow imp (D:7)
  A white imp (D:6)
  An ufetubus (D:6)
  2 worms
  3 dart slugs
  18 orcs
  9 bats
  9 endoplasms
  A giant cockroach (D:1)
  7 goblins
  5 hobgoblins
  9 kobolds
  4 quokkas
  7 ball pythons
  3 frilled lizards
  2 rats
149 creatures vanquished.

Vanquished Creatures (others)
  5 toadstools (D:1)
5 creatures vanquished.

Grand Total: 154 creatures vanquished

Notes
Turn   | Place    | Note
-------+----------+-------------------------------------------
     0 | D:1      | fragbeetle the Troll Berserker began the quest for the Orb.
     0 | D:1      | Reached XP level 1. HP: 22/22 MP: 0/0
     8 | D:1      | You fall into a shaft and drop 1 floor!
    65 | D:2      | Reached skill level 3 in Maces & Flails
    65 | D:2      | Reached XP level 2. HP: 28/29 MP: 1/1
   185 | D:1      | Reached XP level 3. HP: 36/36 MP: 2/2
   363 | D:1      | Reached ** piety under Trog
   591 | D:2      | Found Goax's Weapon Emporium.
  1094 | D:3      | Reached XP level 4. HP: 44/44 MP: 3/3
  1147 | D:3      | Found a faded altar of an unknown god.
  1274 | D:3      | Reached skill level 4 in Maces & Flails
  1380 | D:3      | Reached XP level 5. HP: 53/53 MP: 4/4
  1713 | D:4      | Noticed a sky beast
  1896 | D:4      | HP: 2/53 [sky beast (6)]
  1905 | D:4      | Killed a sky beast
  1906 | D:4      | Reached skill level 5 in Maces & Flails
  1906 | D:4      | Reached XP level 6. HP: 7/61 MP: 5/5
  2392 | D:5      | Entered Level 5 of the Dungeon
  2409 | D:5      | Reached skill level 6 in Maces & Flails
  2409 | D:5      | Reached XP level 7. HP: 69/70 MP: 6/6
  2496 | D:5      | Noticed Sigmund
  2503 | D:5      | Killed Sigmund
  2598 | D:5      | Reached skill level 7 in Maces & Flails
  2652 | D:5      | Reached *** piety under Trog
  2653 | D:5      | Reached skill level 5 in Fighting
  2653 | D:5      | Reached XP level 8. HP: 65/80 MP: 7/7
  2953 | D:5      | Noticed Blork the orc
  2960 | D:5      | Killed Blork the orc
  3124 | D:5      | Identified the +9 mace of Impermanence {vorpal, rF+}
  3146 | D:5      | Reached skill level 8 in Maces & Flails
  3175 | D:5      | Noticed Menkaure
  3193 | D:5      | Killed Menkaure
  3669 | D:6      | Found a staircase to the Ecumenical Temple.
  3694 | Temple   | Entered the Ecumenical Temple
  3846 | D:6      | Paralysed by an orc for 2 turns
  3856 | D:6      | Reached skill level 9 in Maces & Flails
  4067 | D:6      | Found an opulent altar of Gozag.
  4075 | D:6      | Reached XP level 9. HP: 89/89 MP: 8/8
  4187 | D:7      | Found a glowing golden altar of the Shining One.
  4279 | D:7      | Found a shadowy altar of Dithmenos.
  4318 | D:7      | Found a flagged portal.
  4331 | D:7      | Reached **** piety under Trog
  4352 | Bailey   | Entered a bailey
  4664 | Bailey   | Slain by a gnoll sergeant

Illustrated notes

Levels and vault maps discovered:
D:1:      ldierk_walled_garden, layout_rooms
D:2:      layout_rooms, serial_shops, nicolae_shop_bloodbath_and_beyond
D:3:      layout_loops_cross, hellmonk_ecumenical_altar_inner_sanctum
D:4:      layout_basic, minivault_1
D:5:      layout_basic, patterned_corridor, uniq_sigmund, uniq_menkaure,
          uniq_blork_the_orc
D:6:      minmay_general_purpose_star, layout_loops_ring,
          nicolae_gozag_seed_capital, minmay_temple_entry_mini_moons
D:7:      layout_gridville, mainiacjoe_overflow_large_starburst, enter_bailey_6,
          uniq_pikel, uniq_harold, uniq_duvessa
Temple:   eino_temple_rhombus
Bailey:   bailey_polearm_gnolls_kennysheep, bailey

Skill      XL: |  1  2  3  4  5  6  7  8 |
---------------+-------------------------+-----
Maces & Flails | 3 4 5 6 7 9 |  9.9
Dodging        | 3 |  3.0
Fighting       | 3 4 5 6 |  6.5

Action                   |  1- 3 |  4- 6 |  7- 9 || total
-------------------------+-------+-------+-------++-------
Melee: Mace              |   123 |   154 |   171 ||   448
       Punch             |     1 |     3 |       ||     4
       Flail             |       |       |    62 ||    62
Throw: Boomerang         |       |       |     4 ||     4
Invok: Berserk           |     2 |     4 |     5 ||    11
       Trog's Hand       |       |       |     3 ||     3
  Use: Potion            |       |     2 |       ||     2
Armor: Animal skin       |    56 |    69 |    56 ||   181
Dodge: Dodged            |    92 |    92 |    92 ||   276

Table legend: (Time is in decaauts)
 A = Elapsed time spent in this place.
 B = Non-inter-level travel time spent in this place.
 C = Inter-level travel time spent in this place.
 D = Time resting spent in this place.
 E = Time spent auto-exploring this place.
 F = Levels seen in this place.
 G = Mean time per level.
                   A        B        C        D        E       F      G
               +--------+--------+--------+--------+--------+-----+--------+
         Total |   4797 |   4627 |    170 |    304 |   2719 |   9 |  533.0 |
       Dungeon |   4463 |   4293 |    170 |    215 |   2714 |   7 |  637.6 |
        Temple |     18 |     18 |      0 |      0 |      5 |   1 |   18.0 |
        Bailey |    315 |    315 |      0 |     89 |      0 |   1 |  315.0 |
               +--------+--------+--------+--------+--------+-----+--------+

Top non-repeatable levels by time:
     D:5: 1065 daAuts
     D:4: 791 daAuts
     D:3: 734 daAuts
     D:6: 726 daAuts
     D:1: 527 daAuts
     D:2: 433 daAuts
  Bailey: 315 daAuts
     D:7: 183 daAuts
  Temple: 18 daAuts
